 Dungeon Crawl Stone Soup version 0.17.2-1-ge4368a0 (webtiles) character file.

16 Goblin1989 the Cudgeler (level 2, -7/29 HPs)
             Began as an Ogre Skald on Aug 21, 2018.
             Killed from afar by Sigmund (11 damage)
             ... with a puff of flame
             ... on level 2 of the Dungeon.
             The game lasted 00:03:58 (1423 turns).

Goblin1989 the Cudgeler (Ogre Skald)                Turns: 1423, Time: 00:03:58

Health: -7/29      AC:  3    Str: 20    XL:     2   Next: 54%
Magic:  3/5        EV:  9    Int: 11    God:
Gold:   151        SH:  0    Dex:  9    Spells: 1 memorised, 5 levels left

rFire  . . .     SeeInvis .     a - +0 mace
rCold  . . .     Clarity  .     b - +0 robe
rNeg   . . .     SustAt   .     (no shield)
rPois  .         Gourm    .     (helmet restricted)
rElec  .         Spirit   .     (no cloak)
rCorr  .         Warding  .     (gloves unavailable)
rMut   .         Stasis   .     (boots unavailable)
MR     +....                    (no amulet)
Stlth  +.........               m - ring of protection from magic
                                i - +4 ring of strength

@: infused (expiring), somewhat resistant to hostile enchantments, very
unstealthy
A: unfitting armour, tough skin 1
a: no special abilities


You were on level 2 of the Dungeon.
You were hungry.

You visited 1 branch of the dungeon, and saw 2 of its levels.

You collected 151 gold pieces.

Inventory:

Hand Weapons
 a - a +0 mace (weapon)
Armour
 b - a +0 robe (worn)
Jewellery
 i - a +4 ring of strength (left hand)
 m - a ring of protection from magic (right hand)
Scrolls
 d - 3 scrolls of identify {unknown}
 g - a scroll of recharging {unknown}
Potions
 f - 2 potions of curing {unknown}
 h - a potion of haste {unknown}
Books
 c - a book of Battle

   Spells                             Type                      Level
   a - Infusion                       Charms                       1
   b - Shroud of Golubria             Charms/Translocation         2
   c - Song of Slaying                Charms                       2
   d - Spectral Weapon                Hexes/Charms                 3
   e - Regeneration                   Charms/Necromancy            3
Comestibles
 e - 2 bread rations {@e1}
 j - a meat ration {@e2}


   Skills:
 - Level 2.6 Fighting
 * Level 3.4 Maces & Flails
 - Level 1.3 Dodging
 + Level 2.5 Spellcasting
 + Level 2.4 Charms


You had 5 spell levels left.
You knew the following spells:

 Your Spells              Type           Power        Failure   Level  Hunger
a - Infusion              Chrm           #.....       12%         1    ##.....


Dungeon Overview and Level Annotations

Branches:
Dungeon (2/15)

Altars:

Annotations:
D:2 Sigmund


Innate Abilities, Weirdness & Mutations

You are too large for most types of armour.
You have tough skin (AC +1).


Message History

The giant newt hisses menacingly.
The giant newt is too close now for your liking.
A kobold comes into view.
The giant newt bites you but does no damage.
You hit the giant newt.
The giant newt is severely wounded.
The giant newt bites you.
You take 3 damage, and have 26/29 hp.
You hit the giant newt.
You kill the giant newt!
The kobold throws a stone.
The stone barely misses you.
You see here a giant newt corpse.
You barely miss the kobold. The kobold hits you. The kobold barely misses you.
You sock the kobold!
You kill the kobold!
You take 3 damage, and have 23/29 hp.
No target in view!
No target in view!
No target in view!
No target in view!
No target in view!
No target in view!
No target in view!
No target in view!
No target in view!
No target in view!
No target in view!
No target in view!
No target in view!
No target in view!
No target in view!
No target in view!
No target in view!
No target in view!
No target in view!
No target in view!
No target in view!
No target in view!
No target in view!
No target in view!
No target in view!
You now have 151 gold pieces (gained 10).
Marking area around Sigmund as unsafe for travelling.
Sigmund the Dreaded comes into view.
He is wielding a scythe.
Sigmund gestures at you while chanting.
You are confused.
You bump into the rock wall.
Sigmund gestures at you while chanting. You resist with almost no effort.
Sigmund giggles. "Time to reap what you sow."
You bump into the rock wall.
You're too confused to move!
You bump into the rock wall.
You feel less confused.
You are feeling hungry.
You start resting.
Casting: Infusion
Confirm with . or Enter, or press ? or * to list all spells.
You begin infusing your attacks with magical energy.
Sigmund barely misses you.
You now have 4/5 mp.
Unknown command.
Sigmund closely misses you.
Unknown command.
You barely miss Sigmund. Sigmund closely misses you.
You hit Sigmund but do no damage. You sock Sigmund!
Sigmund is moderately wounded.
Sigmund barely misses you.
You thump Sigmund!
Sigmund is heavily wounded.
Sigmund hits you with a scythe.
You take 2 damage, and have 24/29 hp.
You hit Sigmund.
Sigmund is severely wounded.
Your magical infusion is running out.
Sigmund points at you and mumbles some strange words.
The puff of flame hits you!
You take 4 damage, and have 20/29 hp.
You now have 3/5 mp.
You closely miss Sigmund.
Sigmund is severely wounded.
Sigmund closely misses you.
You completely miss Sigmund.
Sigmund is severely wounded.
Sigmund hits you with a scythe!
* * * LOW HITPOINT WARNING * * *
You take 10 damage, and have 10/29 hp.
O_OOPS!!
MASSIVE DAMAGE!!
Unknown command.
You hit Sigmund.
Sigmund is almost dead.
Sigmund points at you and mumbles some strange words.
The magic dart hits you!
* * * LOW HITPOINT WARNING * * *
You take 6 damage, and have 4/29 hp.
O_OOPS!!
MASSIVE DAMAGE!!
Unknown command.
You completely miss Sigmund.
Sigmund is almost dead.
Sigmund gestures at you while chanting. The puff of flame hits you!
You die...

█...♣♣..♣♣....██.██...█
██..P..♣♣♣♣...██.██...█████
█.█......♣♣♣P.██.██........
██..†....P♣P.█...█.......♣♣
██(......♣P..██..♣♣♣..♣♣♣.
█...██....██....♣.P♣♣.♣..P
█.....█....██████♣P♣.♣♣..♣♣
.............█ . ♣.P.♣
███.....████@█ ♣.P♣P♣♣
██...██...@█ ♣..PPP♣
██.███.████ ..♣...♣♣ █. █.█
...♣♣P.♣ █ █@█ .... ♣P.♣
█.█ ... █.. ... █.. ..
..(.. ██.....


You could see Sigmund.

Vanquished Creatures
  A hobgoblin (D:1)
  A quokka (D:2)
  4 bats (D:1)
  A giant cockroach (D:2)
  A giant newt (D:2)
  3 goblins
  5 kobolds
  2 rats
18 creatures vanquished.

Notes
Turn   | Place    | Note
--------------------------------------------------------------
     0 | D:1      | Goblin1989 the Ogre Skald began the quest for the Orb.
     0 | D:1      | Reached XP level 1. HP: 22/22 MP: 3/3
   366 | D:1      | Reached skill level 3 in Maces & Flails
   902 | D:1      | Reached XP level 2. HP: 29/29 MP: 5/5
  1398 | D:2      | Noticed Sigmund
  1423 | D:2      | Killed from afar by Sigmund

Action                   || total
-------------------------++-------
Melee: Mace              ||    59
 Cast: Infusion          ||     1
 Stab: Sleeping          ||     1
  Eat: Chunk             ||     1

Vault maps used:
D:1:      dpeg_arrival_tiny_k
D:2:      serial_forest, infiniplex_forest_clump_double,
          infiniplex_forest_lined_room_, infiniplex_forest_clump_long,
          infiniplex_forest_lined_ring, infiniplex_forest_join, uniq_sigmund
